 Dungeon Crawl Stone Soup version 0.28.0-53-g5a82cb258f (webtiles) character file.

Game seed: 3668040973599097662

43 pesado the Poker (level 3, -3/27 HPs)
             Began as a Merfolk Gladiator on May 27, 2022.
             Slain by a goblin
             ... wielding a +1 vampiric dagger
             ... led by Robin
              (6 damage)
             ... on level 1 of the Dungeon.
             The game lasted 00:01:30 (1203 turns).

pesado the Poker (Merfolk Gladiator)                Turns: 1203, Time: 00:01:30

Health: -3/27      AC:  4    Str: 14    XL:     3   Next: 58%
Magic:  3/3        EV: 13    Int:  7    God:
Gold:   45         SH:  0    Dex: 17    Spells: 2/2 levels left

rFire   . . .      SeeInvis .   a - +0 trident
rCold   . . .      Faith    .   (no shield)
rNeg    . . .      Spirit   .   b - +0 leather armour
rPois   .          Reflect  .   c - +0 helmet
rElec   .          Harm     .   (no cloak)
rCorr   .          Rampage  .   (no gloves)
Will    .....                   (no boots)
Stlth   +.........              (no amulet)
HPRegen 0.09/turn               (no ring)
MPRegen 0.08/turn               (no ring)

@: no status effects
A: (nimble swimmer 2), mertail
a: no special abilities


You were on level 1 of the Dungeon.
You visited 1 branch of the dungeon, and saw 2 of its levels.

You collected 45 gold pieces.

Inventory:

Hand Weapons
 a - a +0 trident (weapon)
Missiles
 d - 3 throwing nets (quivered)
Armour
 b - a +0 leather armour (worn)
 c - a +0 helmet (worn)
Potions
 i - a potion of might


   Skills:
 - Level 2.1 Fighting
 - Level 6.2 Polearms
 - Level 2.0 Throwing
 + Level 4.3 Dodging


You had 2 spell levels left.
You didn't know any spells.
Your spell library was empty.

Dungeon Overview and Level Annotations

Branches:
Dungeon (2/15)

Altars:

Annotations:
D:2 Robin


Innate Abilities, Weirdness & Mutations

((You are very nimble when in or above water. (Stealth+, EV+, Speed+++)))
Your lower body shifts to a powerful aquatic tail in water.


Message History

There is a stone staircase leading up here.
There are monsters nearby!
There are monsters nearby!
You hit the hobgoblin.
The hobgoblin is lightly wounded.
The hobgoblin hits you. The goblin barely misses you.
The hobgoblin hits you. x3
Robin roars a battlecry!
The goblins go into a battle-frenzy!
The goblin hits you with a +1 vampiric dagger.
The hobgoblin hits you.
The hobgoblin barely misses you. x2; The goblin barely misses you.
The hobgoblin closely misses you.
The goblin hits you with a +1 vampiric dagger.
The hobgoblin closely misses you. The hobgoblin misses you.
You climb upwards.
There is a stone staircase leading down here.
Unknown command.
Unknown command.
You barely miss the hobgoblin. The hobgoblin closely misses you. x2
The hobgoblin hits you.
* * * LOW HITPOINT WARNING * * *
The goblin closely misses you. The hobgoblin closely misses you.
The hobgoblin hits you.
* * * LOW HITPOINT WARNING * * *
The hobgoblin barely misses you. The goblin barely misses you.
You aren't carrying any scrolls.
It was a potion of curing.
You feel better. The hobgoblin barely misses you. The hobgoblin misses you.
The hobgoblin barely misses you. The goblin hits you but does no damage.
The hobgoblin hits you but does no damage.
The hobgoblin closely misses you. The hobgoblin hits you.
* * * LOW HITPOINT WARNING * * *
The goblin hits you with a +1 vampiric dagger.
* * * LOW HITPOINT WARNING * * *
Unknown command.
You puncture the hobgoblin!
You kill the hobgoblin!
The hobgoblin closely misses you. The hobgoblin misses you.
The goblin hits you with a +1 vampiric dagger.
You die...

#####.##.#.#
#..........#
#..........# #
#..........# ##
#..........# .##
#..........###
..#######............#
♣.....+.#......ggg...#
..#####.........@g...#
.#####.........ggg.###
##......############
##.#.#..# #.#.#..#
#.#.#..## #.#[#...#
#.#.##..# ##.#.##..#


You could see 5 hobgoblins and 2 goblins.

Vanquished Creatures
  A gnoll (D:1)
  A dart slug (D:1)
  3 bats (D:1)
  An endoplasm (D:1)
  A giant cockroach (D:1)
  6 goblins (D:1)
  3 hobgoblins (D:1)
  4 jackals (D:1)
  A quokka (D:1)
  2 ball pythons (D:1)
  A frilled lizard (D:1)
  3 kobolds (D:1)
  3 rats (D:1)
30 creatures vanquished.

Notes
Turn   | Place    | Note
-------+----------+-------------------------------------------
     0 | D:1      | pesado the Merfolk Gladiator began the quest for the Orb.
     0 | D:1      | Reached XP level 1. HP: 16/16 MP: 1/1
    96 | D:1      | Reached skill level 5 in Polearms
   109 | D:1      | Reached XP level 2. HP: 7/22 MP: 2/2
   683 | D:1      | Reached skill level 6 in Polearms
   683 | D:1      | Reached XP level 3. HP: 24/27 MP: 3/3
  1197 | D:2      | Noticed Robin
  1201 | D:1      | HP: 1/27 [hobgoblin[Robin] (6)]
  1203 | D:1      | Slain by a goblin

Illustrated notes

Levels and vault maps discovered:
D:1:      evilmike_arrival_plus, layout_basic, minivault_14, minivault_23
D:2:      layout_rooms, serial_curves, eino_curves_04, eino_curves_01,
          hellmonk_ecumenical_altar_lost_god, uniq_robin, uniq_sigmund

Skill      XL: |  1  2 |
---------------+-------+-----
Polearms       | 5 6 |  6.2
Fighting       | |  2.1
Throwing       | |  2.0
Dodging        | |  4.3

Action                   || total
-------------------------++-------
Melee: Trident           ||    86
  Use: Scroll            ||     3
       Potion            ||     1
 Stab: Sleeping          ||     2
Armor: Leather armour    ||    22
Dodge: Dodged            ||    81
